 Dungeon Crawl Stone Soup version 0.29-a0-384-g6960b1960d (webtiles) character file.

Game seed: 3032796024260953547

70 spaghetti the Stinger (level 4, -13/32 HPs)
             Began as a Gnoll Venom Mage on May 6, 2022.
             Killed by an exploding gnoll (17 damage)
             ... ignited by their inner flame
             ... on level 3 of the Dungeon.
             The game lasted 00:04:25 (2267 turns).

spaghetti the Stinger (Gnoll Venom Mage)            Turns: 2267, Time: 00:04:25

Health: -13/32     AC:  2    Str:  7    XL:     4   Next: 22%
Magic:  9/11       EV: 13    Int: 17    God:
Gold:   84         SH:  0    Dex: 12    Spells: 6/13 levels left

rFire   + . .      SeeInvis .   e - +0 war axe (freeze) {axe}
rCold   + . .      Faith    .   (no shield)
rNeg    + . .      Spirit   .   a - +0 robe
rPois   +          Reflect  .   (no helmet)
rElec   +          Harm     .   (no cloak)
rCorr   +          Rampage  .   (no gloves)
Will    .....                   (no boots)
Stlth   ++........              (no amulet)
HPRegen 0.10/turn               f - ring of positive energy
MPRegen 0.12/turn               (no ring)

@: mighty, resistant, weak-willed, on berserk cooldown, slowed, very slow
A: fangs 1, strong nose, distributed training
a: no special abilities


You were on level 3 of the Dungeon.
You visited 1 branch of the dungeon, and saw 3 of its levels.

You collected 84 gold pieces.


Innate Abilities, Weirdness & Mutations

You have very sharp teeth.
Your uncanny sense of smell can sniff out nearby items.
Your experience applies equally to all skills.


   Skills:
 + Level 1.0 Fighting
 + Level 1.0 Short Blades
 + Level 1.0 Long Blades
 + Level 1.0 Axes
 + Level 1.0 Maces & Flails
 + Level 1.0 Polearms
 + Level 1.0 Staves
 + Level 1.0 Slings
 + Level 1.0 Bows
 + Level 1.0 Crossbows
 + Level 1.0 Throwing
 + Level 1.0 Armour
 + Level 4.6 Dodging
 + Level 4.2 Stealth
 + Level 1.0 Shields
 + Level 1.0 Unarmed Combat
 + Level 5.0 Spellcasting
 + Level 0.8 Conjurations
 + Level 0.8 Hexes
 + Level 0.8 Summonings
 + Level 0.8 Necromancy
 + Level 0.8 Translocations
 + Level 2.2 Transmutations
 + Level 0.8 Fire Magic
 + Level 0.8 Ice Magic
 + Level 0.8 Air Magic
 + Level 0.8 Earth Magic
 + Level 5.4 Poison Magic
 + Level 1.1 Invocations
 + Level 1.0 Evocations


You had 6 spell levels left.
You knew the following spells:

 Your Spells              Type           Power      Damage    Failure   Level
a - Sting                 Tmut/Pois      68%        1d6       3%          1
b - Poisonous Vapours     Pois/Air       30%        N/A       6%          2
c - Olgreb's Toxic Radia  Pois           22%        N/A       16%         4

Your spell library contained the following spells:

 Spells                   Type           Power      Damage    Failure   Level
 Wereblood                Tmut           11%        N/A       9%          2
 Sublimation of Blood     Necr           7%         N/A       16%         2
 Mephitic Cloud           Conj/Pois/Air  12%        N/A       16%         3
 Call Canine Familiar     Summ           7%         N/A       30%         3
 Portal Projectile        Hex/Tloc       14%        N/A       30%         3
 Leda's Liquefaction      Hex/Erth       3%         N/A       69%         4
 Summon Hydra             Summ           3%         N/A       100%        7

Inventory:

Hand Weapons
 d - a +0 short sword {short}
   (You took it off a kobold on level 1 of the Dungeon)
 e - a +0 war axe of freezing (weapon) {axe}
   (You found it on level 1 of the Dungeon)
Missiles
 c - 79 stones {throwing}
 g - 2 poisoned darts {throwing}
Armour
 a - a +0 robe (worn)
Jewellery
 f - a ring of positive energy (left hand)
   (You found it on level 1 of the Dungeon)
 m - a ring of positive energy
   (You found it on level 2 of the Dungeon)
Scrolls
 l - a scroll of identify {@r1}
 o - a scroll of magic mapping {!r}
Potions
 b - 4 potions of magic
 i - a potion of berserk rage {!q}

Dungeon Overview and Level Annotations

Branches:
Dungeon (3/15)

Altars:

# # ############# ##
............. ∆.#
###..###..#######.######
.......................#
##..#................#.#
#...##.......§§...# ..#
#...#.#......§○@.# #..#
#....#.##.....K##.#...#
#.....##.#...g#.##....#
#.....#.#.####.#.#....#
#......#.##..##K#.....#
#.......##....##g.....#
#............gK.......#
#.......).......g.....#
##......##....##......#


You could see a gnoll (inner flame) and a kobold (inner flame).


Message History

Aim: a gnoll, wielding a +0 halberd (77% to hit)
The sting misses the gnoll.
The gnoll hits you from afar with a +0 halberd!
* * * LOW HITPOINT WARNING * * *
😨 HP[-13] MP[-1]
You take 13 damage, and now have 10/32 hp.
MASSIVE DAMAGE!! (PAUSE)
You lost 1 mp, and now have 6/11 mp.
You aren't carrying any items that you can evoke.
It was a potion of heal wounds.
You feel much better. The gnoll barely misses you.
The gnoll closely misses you. 😎 HP[+22]
Your hp is fully restored (32).
The gnoll attacks as you move away! The gnoll misses you.
The kobold attacks as you move away!
The kobold hits you with a +0 short sword of speed. 😕 HP[-3]
You take 3 damage, and now have 29/32 hp.
The gnoll attacks as you move away! The gnoll barely misses you.
The kobold attacks as you move away!
The kobold hits you with a +0 short sword of speed.
Your magical contamination has completely faded away. 😕 HP[-4]
You take 4 damage, and now have 25/32 hp.
The kobold attacks as you move away! The kobold closely misses you.
The gnoll attacks as you move away! The gnoll closely misses you. 😕 MP[+1]
You aren't carrying any items that you can evoke.
As you read the scroll labelled GESICWAIFE, it crumbles to dust.
Magic quickly surges around you.
It was a scroll of vulnerability.
The gnoll hits you with a +0 whip! 😮 HP[-8]
You take 8 damage, and now have 17/32 hp.
MASSIVE DAMAGE!! (PAUSE)
As you read the scroll labelled ONAURH GEUBLEU, it crumbles to dust.
It is a scroll of brand weapon.
Your +0 war axe {axe} is covered with a thin layer of ice!
e - a +0 war axe of freezing (weapon)
{axe} The gnoll misses you.
As you read the scroll labelled DADORREKUCK, it crumbles to dust.
It is a scroll of amnesia.
Really abort (and waste the scroll)?
Okay, then.
The gnoll barely misses you.
As you read the scroll labelled SUJUMU YCWIOBB, it crumbles to dust.
It is a scroll of identify.
o - a scroll of magic mapping The gnoll closely misses you. 😮 HP[+1]
As you read the scroll labelled GALADD VEESODOTUNO, it crumbles to dust.
The creatures around you are filled with an inner flame!
It was a scroll of immolation.
The gnoll hits you with a +0 whip.
* * * LOW HITPOINT WARNING * * *
😨 HP[-4]
You take 4 damage, and now have 14/32 hp.
You aren't carrying any items that you can evoke.
It was a potion of berserk rage.
A red film seems to cover your vision as you go berserk!
You feel yourself moving faster!
You feel mighty! The gnoll hits you with a +0 whip.
* * * LOW HITPOINT WARNING * * *
😨 HP[+5]
You now have 48 max hp (+16).
You regained 5 hp, and now have 19/48 hp.
You feel a strong urge to attack something. 😨 MP[+1]
You feel your anger nearly subside.
You are no longer berserk.
You are exhausted.
You feel yourself slow down. 😨 HP[-6]
You now have 32 max hp (-16).
Unknown command.
Okay, then.
It was a potion of resistance.
You feel protected.
It was a potion of curing.
You feel better. The kobold barely misses you.
The kobold hits you with a +0 short sword of speed. 😮 HP[+7]
You regained 7 hp, and now have 20/32 hp.
It was a potion of might.
You feel very mighty all of a sudden. The kobold closely misses you.
The gnoll hits you from afar with a +0 halberd!
* * * LOW HITPOINT WARNING * * *
The kobold hits you with a +0 short sword of speed.
* * * LOW HITPOINT WARNING * * *
😱 HP[-15]
You take 15 damage, and now have 5/32 hp.
MASSIVE DAMAGE!! (PAUSE) Unknown command.
You hit the gnoll.
Flame seeps out of the gnoll.
You freeze the gnoll.
Flame seeps out of the gnoll.
You barely miss the kobold.
The kobold hits you with a +0 short sword of speed.
* * * LOW HITPOINT WARNING * * *
The gnoll is engulfed in blazing flames.
The gnoll explodes!
The fiery explosion engulfs you! You resist.
Ouch! That really hurt!
You die...

Skill      XL: |  1  2  3 |
---------------+----------+-----
Transmutations | 2 |  2.2
Spellcasting   | 5 |  5.0
Invocations    | 1 |  1.1
Fighting       | 1 |  1.0
Short Blades   | 1 |  1.0
Long Blades    | 1 |  1.0
Axes           | 1 |  1.0
Maces & Flails | 1 |  1.0
Polearms       | 1 |  1.0
Staves         | 1 |  1.0
Slings         | 1 |  1.0
Bows           | 1 |  1.0
Crossbows      | 1 |  1.0
Throwing       | 1 |  1.0
Armour         | 1 |  1.0
Shields        | 1 |  1.0
Unarmed Combat | 1 |  1.0
Evocations     | 1 |  1.0
Dodging        | |  4.6
Stealth        | |  4.2
Conjurations   | |  0.8
Hexes          | |  0.8
Summonings     | |  0.8
Necromancy     | |  0.8
Translocations | |  0.8
Fire Magic     | |  0.8
Ice Magic      | |  0.8
Air Magic      | |  0.8
Earth Magic    | |  0.8
Poison Magic   | |  5.4

Action                   |  1- 3 |  4- 6 || total
-------------------------+-------+-------++-------
Melee: War axe           |    16 |     1 ||    17
       Bite              |     2 |       ||     2
 Cast: Sting             |    71 |     5 ||    76
       Poisonous Vapours |     9 |       ||     9
  Use: Scroll            |       |     5 ||     5
       Potion            |       |     5 ||     5
Armor: Robe              |     6 |       ||     6
Dodge: Dodged            |    36 |    15 ||    51

Levels and vault maps discovered:
D:1:      dpeg_arrival_rooms_c, layout_loops_ring,
          dilly_ecumenical_altar_fadedgnrine, minmay_misc_feat_rows,
          minmay_cupped
D:2:      layout_rooms
D:3:      layout_basic, minmay_misc_feat_secret_circle, grunt_ministairs_15

Notes
Turn   | Place    | Note
-------+----------+-------------------------------------------
     0 | D:1      | spaghetti the Gnoll Venom Mage began the quest for the Orb.
     0 | D:1      | Reached XP level 1. HP: 13/13 MP: 6/6
     0 | D:1      | magus.rc [v1.9.6]
    31 | D:1      | Reached skill level 2 in Transmutations
    39 | D:1      | You pick up a book of the Hunter and begin reading...
    39 | D:1      | You add the spells Call Canine Familiar, Portal Projectile
                  | and Leda's Liquefaction to your library.
   125 | D:1      | Reached XP level 2. HP: 19/19 MP: 3/7
   342 | D:1      | Learned a level 2 spell: Poisonous Vapours
   786 | D:1      | Reached XP level 3. HP: 25/25 MP: 3/9
   813 | D:1      | Reached skill level 5 in Spellcasting
  1153 | D:1      | Found a faded altar of an unknown god.
  1296 | D:2      | Reached skill level 1 in Invocations
  1523 | D:2      | You pick up a book of Blood and begin reading...
  1523 | D:2      | You add the spells Sublimation of Blood, Wereblood and
                  | Summon Hydra to your library.
  1758 | D:2      | Reached skill level 1 in Fighting
  1758 | D:2      | Reached skill level 1 in Short Blades
  1758 | D:2      | Reached skill level 1 in Long Blades
  1758 | D:2      | Reached skill level 1 in Axes
  1758 | D:2      | Reached skill level 1 in Maces & Flails
  1758 | D:2      | Reached skill level 1 in Polearms
  1758 | D:2      | Reached skill level 1 in Staves
  1758 | D:2      | Reached skill level 1 in Slings
  1758 | D:2      | Reached skill level 1 in Bows
  1758 | D:2      | Reached skill level 1 in Crossbows
  1758 | D:2      | Reached skill level 1 in Throwing
  1758 | D:2      | Reached skill level 1 in Armour
  1758 | D:2      | Reached skill level 1 in Shields
  1758 | D:2      | Reached skill level 1 in Unarmed Combat
  1758 | D:2      | Reached skill level 1 in Evocations
  2051 | D:3      | Reached XP level 4. HP: 32/32 MP: 9/11
  2231 | D:3      | Learned a level 4 spell: Olgreb's Toxic Radiance
  2266 | D:3      | HP: 8/32 [gnoll/+0 halberd (12)]
  2267 | D:3      | Killed by an exploding gnoll... ignited by their inner
                  | flame

Vanquished Creatures
  2 gnolls (D:3)
  3 dart slugs
  An orc (D:3)
  5 endoplasms
  2 giant cockroaches
  3 goblins
  8 hobgoblins
  3 jackals (D:1)
  4 quokkas
  6 ball pythons
  A bat (D:2)
  2 frilled lizards
  4 kobolds
  3 rats
47 creatures vanquished.

Table legend:
 A = Non-vault XP
 B = Vault XP
 C = Vault XP percentage of total XP
 D = Non-vault monster count
 E = Vault monster count
 F = Vault count percentage of total count
                 A         B        C        D         E       F
            +---------+---------+-------+---------+---------+-------
      Total |     108 |       6 |   5.3 |      43 |       4 |   8.5
            +---------+---------+-------+---------+---------+-------
        D:1 |      40 |       3 |   7.0 |      20 |       2 |   9.1
        D:2 |      34 |       0 |   0.0 |      18 |       0 |   0.0
        D:3 |      34 |       3 |   8.1 |       5 |       2 |  28.6
            +---------+---------+-------+---------+---------+-------

Illustrated notes

Table legend:
 A = Kills in this place as a percentage of kills in entire the game.
 B = Kills by you in this place as a percentage of kills by you in the entire game.
 C = Kills by friends in this place as a percentage of kills by friends in the entire game.
 D = Other kills in this place as a percentage of other kills in the entire game.
 E = Experience gained in this place as a percentage of experience gained in the entire game.
 F = Experience gained in this place divided by the number of levels of this place that you have seen.
                   A       B       C       D       E      F
               +-------+-------+-------+-------+-------+----------------------
         Total | 100.0 | 100.0 |   N/A |   N/A | 100.0 |  38.0
       Dungeon | 100.0 | 100.0 |   N/A |   N/A | 100.0 |  38.0
               +-------+-------+-------+-------+-------+----------------------

Table legend: (Time is in decaauts)
 A = Elapsed time spent in this place.
 B = Non-inter-level travel time spent in this place.
 C = Inter-level travel time spent in this place.
 D = Time resting spent in this place.
 E = Time spent auto-exploring this place.
 F = Levels seen in this place.
 G = Mean time per level.
                   A        B        C        D        E       F      G
               +--------+--------+--------+--------+--------+-----+--------+
         Total |   2273 |   2223 |     50 |    297 |   1631 |   3 |  757.7 |
       Dungeon |   2273 |   2223 |     50 |    297 |   1631 |   3 |  757.7 |
               +--------+--------+--------+--------+--------+-----+--------+

Top non-repeatable levels by time:
     D:1: 1249 daAuts
     D:2: 648 daAuts
     D:3: 375 daAuts
